 Dungeon Crawl Stone Soup version 0.21.1-1-g345015f (webtiles) character file.

922 tidbits the Caller (level 8, 35/57 HPs)
             Began as a Gnoll Summoner on June 9, 2018.
             Quit the game in the Ecumenical Temple.
             The game lasted 00:25:19 (1885 turns).

tidbits the Caller (Gnoll Summoner)                 Turns: 1885, Time: 00:25:20

Health: 35/57      AC:  3    Str: 12    XL:     8   Next: 10%
Magic:  15/16      EV: 16    Int: 19    God:
Gold:   85         SH:  2    Dex: 19    Spells: 8/18 levels left

rFire    . . .     SeeInvis .   i - +0 halberd
rCold    + . .     Gourm    .   (shield currently unavailable)
rNeg     . . .     Faith    .   B - +0 robe of Satisfaction {Str+2 Dex+2} (curse)
rPois    .         Spirit   .   (no helmet)
rElec    .         Reflect  +   (no cloak)
rCorr    .         Harm     .   G - +0 pair of gloves
MR       .....                  (no boots)
Stlth    +++.......             n - +2 amulet of reflection
HPRegen  0.19/turn              w - ring of protection from cold
MPRegen  0.15/turn              (no ring)

@: no status effects
A: distributed training, fangs 1, strong nose
a: no special abilities


You were in the Ecumenical Temple.
You were not hungry.

You visited 2 branches of the dungeon, and saw 8 of its levels.

You collected 233 gold pieces.
You spent 148 gold pieces at shops.

Inventory:

Hand Weapons
 a - a +0 dagger
 f - a +0 club
 h - a +0 war axe
 i - a +0 halberd (weapon)
 o - a +0 short sword
 q - a -3 spear
 t - a +0 dagger of speed
   (You took it off an orc wizard on level 5 of the Dungeon)
 v - a +0 flail
Missiles
 d - 105 arrows
 x - 4 tomahawks (quivered)
Armour
 k - a +0 buckler
 y - a +0 robe
 B - the cursed +0 robe of Satisfaction (worn) {Str+2 Dex+2}
   (You bought it in a shop on level 6 of the Dungeon)

   It affects your strength (+2).
   It affects your dexterity (+2).
   It has a curse placed upon it.
 G - a +0 pair of gloves (worn)
Magical Staves
 e - an uncursed staff of earth
   (You found it on level 3 of the Dungeon)
Jewellery
 n - a +2 amulet of reflection (around neck)
   (You found it on level 2 of the Dungeon)
 w - a ring of protection from cold (left hand)
   (You found it on level 6 of the Dungeon)
Scrolls
 g - 2 scrolls of amnesia
 m - a scroll of enchant armour
 p - 5 scrolls of teleportation
 r - 4 scrolls of remove curse
 s - a scroll of immolation
Potions
 j - 2 potions of curing
 l - 2 potions of heal wounds
 u - a potion of brilliance {unknown}
 z - a potion of resistance {unknown}
Books
 b - a book of Callings

   Spells                             Type                      Level
   a - Summon Small Mammal            Summoning                    1
   b - Call Imp                       Summoning                    2
   c - Call Canine Familiar           Summoning                    3
   d - Summon Guardian Golem          Hexes/Summoning              3
   e - Summon Lightning Spire         Summoning/Air                4
   f - Summon Ice Beast               Ice/Summoning                4
Comestibles
 c - 12 rations


   Skills:
 + Level 2.9 Fighting
 + Level 2.9 Short Blades
 + Level 2.9 Long Blades
 + Level 2.9 Axes
 + Level 2.9 Maces & Flails
 + Level 2.9 Polearms
 + Level 2.9 Staves
 + Level 2.9 Slings
 + Level 2.9 Bows
 + Level 2.9 Crossbows
 + Level 2.9 Throwing
 + Level 2.9 Armour
 + Level 5.4 Dodging
 + Level 5.1 Stealth
 + Level 2.9 Shields
 + Level 2.9 Unarmed Combat
 + Level 5.8 Spellcasting
 + Level 2.3 Conjurations
 + Level 2.3 Hexes
 + Level 2.3 Charms
 + Level 7.5 Summonings
 + Level 2.3 Necromancy
 + Level 2.3 Translocations
 + Level 2.3 Transmutations
 + Level 2.3 Fire Magic
 + Level 2.3 Ice Magic
 + Level 2.3 Air Magic
 + Level 2.3 Earth Magic
 + Level 2.3 Poison Magic
 + Level 3.2 Invocations
 + Level 2.9 Evocations


You had 8 spell levels left.
You knew the following spells:

 Your Spells              Type           Power        Failure   Level  Hunger
a - Summon Small Mammal   Summ           ####         1%          1    None
c - Call Canine Familiar  Summ           ####....     1%          3    ##.....
i - Call Imp              Summ           ####....     1%          2    None
L - Summon Lightning Spi  Summ/Air       ###.....     14%         4    ####...


Dungeon Overview and Level Annotations

Branches:
Dungeon (7/15)             Temple (1/1) D:4

Altars:
Ashenzari
Elyvilon
Fedhas
Gozag
Kikubaaqudgha
Nemelex Xobeh
Okawaru
Qazlal
Ru
Trog
Uskayaw
Vehumet
Wu Jian
Xom
Yredelemnul
Zin
The Shining One

Shops:
D:6 [

Annotations:
D:6 tidbits's ghost, novice GnEn


Innate Abilities, Weirdness & Mutations

Your experience applies equally to all skills.
You have very sharp teeth.
Your uncanny sense of smell can sniff out nearby items.


Message History

Confirm with . or Enter, or press ? or * to list all spells.
Aiming: Summon Lightning Spire
Press: ? - help, Dir - move target cursor, p - tognito's ghost An electric hum fills the air.
Your hound bites tognito's ghost but does no damage.
Tognito's ghost says very slowly, "There's no hope."
Tognito's ghost hits your hound.
Your hound closely misses tognito's ghost.
Your hound bites tognito's ghost.
Tognito's ghost closely misses your hound.
Firing (i - inventory): No suitable missiles.
Press: ? - help, Shift-Dir - straight line, f - tognito's ghost
Aim: tognito's ghost (heavily damaged)
Okay, then.
Your hound misses tognito's ghost. Tognito's ghost hits your hound!
Your hound dies!
Your hound's corpse disappears in a puff of smoke!
Wield which item (- for none, * to show all)? (? for menu, Esc to quit)
i - a +0 halberd (weapon)
Your lightning spire shoots out a bolt of lightning at tognito's ghost!
The bolt of electricity hits tognito's ghost. x2
The bolt of electricity hits your lightning spire.
Your lightning spire completely resists.
Attack whom?
Press: ? - help, Dir - move target cursor, f - tognito's ghost
Aim: tognito's ghost (severely damaged)
You reach to attack!
You hit tognito's ghost but do no damage.
Tognito's ghost is severely damaged.
Tognito's ghost barely misses you.
You puncture tognito's ghost!
You destroy tognito's ghost!
You have reached level 8!
You feel agile.
You see here the felid corpse of Natasha.
You see here a tomahawk.
x - a tomahawk
Found a stone staircase leading up and a staircase to the Ecumenical Temple.
Things that are here:
a quarterstaff; a robe You see here a tomahawk.
x - 2 tomahawks (gained 1)
You see here a tomahawk.
x - 3 tomahawks (gained 1)
A centaur comes into view.
The centaur shouts!
Your lightning spire disappears in a puff of smoke!
You see here a tomahawk.
x - 4 tomahawks (gained 1)
The centaur wields a shortbow.
The centaur shoots an arrow.
The arrow hits you!
The centaur shoots an arrow.
The arrow barely misses you.
Casting: Summon Lightning Spire
Confirm with . or Enter, or press ? or * to list all spells.
Aiming: Summon Lightning Spire
Press: ? - help, Dir - move target cursor, f - you
Okay, then.
Casting: Summon Lightning Spire
Confirm with . or Enter, or press ? or * to list all spells.
You don't know that spell.
Casting: Summon Lightning Spire
Confirm with . or Enter, or press ? or * to list all spells.
Aiming: Summon Lightning Spire
Press: ? - help, Dir - move target cursor An electric hum fills the air.
The centaur shoots an arrow.
The arrow misses you.
Attack whom?
Press: ? - help, Dir - move target cursor, f - centaur
Aim: a centaur, wielding a shortbow You reach to attack!
You barely miss the centaur.
The centaur shoots an arrow.
The arrow hits you!
* * * LOW HITPOINT WARNING * * *
Your lightning spire shoots out a bolt of lightning at the centaur!
The bolt of electricity hits the centaur. x2
The bolt of electricity hits your lightning spire.
Your lightning spire completely resists.
You puncture the centaur!
You kill the centaur!
Things that are here:
a shortbow; 9 arrows; a centaur corpse
d - 103 arrows (gained 9)
You see here 2 arrows.
d - 105 arrows (gained 2)
Found 8 gold pieces.
There is a staircase to the Ecumenical Temple here.
You climb downwards.
Welcome to the Ecumenical Temple!
There is a staircase back to the Dungeon here.
Found an opulent altar of Gozag and a stormy altar of Qazlal.
Found an ancient bone altar of Kikubaaqudgha.
Why would you want to do that?
Found an ornate altar of the Wu Jian Council and a bloodstained altar of Trog.
Found a radiant altar of Vehumet.
Found a sparkling altar of Nemelex Xobeh.
There is an ancient bone altar of Kikubaaqudgha here.
Found a shattered altar of Ashenzari.
Found a blossoming altar of Fedhas.
Found a glowing silver altar of Zin.
Found a sacrificial altar of Ru and an iron altar of Okawaru.
Found a hide-covered altar of Uskayaw.
Found a basalt altar of Yredelemnul.
Are you sure you want to abandon this character and quit the game? (Confirm with "yes".)

≈≈≈≈≈≈≈≈≈≈≈≈≈≈...≈≈≈≈≈
≈≈≈≈≈≈≈≈≈≈≈≈≈≈...≈≈≈≈≈
≈≈≈≈≈≈≈≈≈≈≈≈≈...≈≈≈≈≈≈
≈≈≈≈≈≈≈≈≈≈≈≈...≈≈≈≈≈≈≈
≈≈≈≈≈...≈≈≈.......≈≈≈≈
≈≈≈≈.._........._..≈≈≈
≈≈≈≈≈......_......≈≈≈≈
≈≈≈≈≈...≈≈...≈≈...≈≈≈≈
≈≈≈≈≈≈.@.≈≈≈≈≈...≈≈≈≈≈
≈≈≈≈≈≈≈...≈≈≈...≈≈≈≈≈
≈≈≈≈≈≈≈.........≈≈≈≈
≈≈≈≈≈≈≈._....._.≈≈≈
≈≈≈≈≈≈....._.....≈
≈≈≈≈≈≈≈.........≈
≈≈≈≈≈≈≈≈≈.._..≈
≈≈≈≈≈≈≈≈≈≈...≈≈


There were no monsters in sight!

Vanquished Creatures
  The ghost of tognito the Chopper, an amateur MiBe of Trog (D:4)
  A centaur (D:4)
  An ogre (D:5)
  A howler monkey (D:4)
  A crimson imp (D:6)
  A hound (D:5)
  A centaur skeleton (D:6)
  3 orc wizards
  2 worker ants
  A gnoll (D:7)
  An adder (D:2)
  An adder zombie (D:5)
  A dart slug (D:3)
  3 orcs
  2 bats (D:2)
  A giant cockroach (D:4)
  4 goblins
  2 hobgoblins
  A quokka (D:7)
  A ball python (D:3)
  2 frilled lizards
  A rat (D:1)
33 creatures vanquished.

Vanquished Creatures (collateral kills)
  An ice beast (D:5)
  A sky beast (D:6)
  2 ogres
  A bullfrog (D:6)
  A howler monkey (D:6)
  An orc priest (D:5)
  A gnoll shaman (D:7)
  Natasha (D:4)
  2 orc wizards (D:5)
  2 worker ants (D:4)
  3 gnolls (D:7)
  5 adders
  An adder skeleton (D:5)
  A worm (D:4)
  A dart slug (D:2)
  A leopard gecko (D:2)
  11 orcs
  A giant cockroach (D:5)
  4 hobgoblins
  2 kobolds
  5 bats
  3 frilled lizards
  A goblin (D:1)
  A rat (D:1)
53 creatures vanquished.

Grand Total: 86 creatures vanquished

Notes
Turn   | Place    | Note
-------+----------+-------------------------------------------
     0 | D:1      | tidbits the Gnoll Summoner began the quest for the Orb.
     0 | D:1      | Reached XP level 1. HP: 13/13 MP: 6/6
   129 | D:2      | Reached XP level 2. HP: 12/20 MP: 4/7
   133 | D:2      | Learned a level 2 spell: Call Imp
   314 | D:2      | HP: 2/20 [hobgoblin/club (6)]
   328 | D:3      | Reached XP level 3. HP: 4/25 MP: 7/9
   333 | D:3      | Learned a level 3 spell: Call Canine Familiar
   345 | D:3      | Found a shimmering altar of Xom.
   421 | D:2      | Reached skill level 5 in Spellcasting
   513 | D:2      | Reached skill level 1 in Invocations
   683 | D:3      | Reached skill level 1 in Fighting
   683 | D:3      | Reached skill level 1 in Short Blades
   683 | D:3      | Reached skill level 1 in Long Blades
   683 | D:3      | Reached skill level 1 in Axes
   683 | D:3      | Reached skill level 1 in Maces & Flails
   683 | D:3      | Reached skill level 1 in Polearms
   683 | D:3      | Reached skill level 1 in Staves
   683 | D:3      | Reached skill level 1 in Slings
   683 | D:3      | Reached skill level 1 in Bows
   683 | D:3      | Reached skill level 1 in Crossbows
   683 | D:3      | Reached skill level 1 in Throwing
   683 | D:3      | Reached skill level 1 in Armour
   683 | D:3      | Reached skill level 1 in Shields
   683 | D:3      | Reached skill level 1 in Unarmed Combat
   683 | D:3      | Reached skill level 1 in Evocations
   701 | D:3      | Reached XP level 4. HP: 30/32 MP: 4/11
   707 | D:3      | Learned a level 4 spell: Summon Lightning Spire
   739 | D:4      | Noticed tognito's ghost (amateur MiBe)
   779 | D:4      | Noticed an ogre
   787 | D:4      | Killed an ogre
   787 | D:4      | Reached skill level 1 in Conjurations
   787 | D:4      | Reached skill level 1 in Hexes
   787 | D:4      | Reached skill level 1 in Charms
   787 | D:4      | Reached skill level 1 in Necromancy
   787 | D:4      | Reached skill level 1 in Translocations
   787 | D:4      | Reached skill level 1 in Transmutations
   787 | D:4      | Reached skill level 1 in Fire Magic
   787 | D:4      | Reached skill level 1 in Ice Magic
   787 | D:4      | Reached skill level 1 in Air Magic
   787 | D:4      | Reached skill level 1 in Earth Magic
   787 | D:4      | Reached skill level 1 in Poison Magic
   839 | D:4      | Reached XP level 5. HP: 16/37 MP: 5/12
   853 | D:4      | HP: 2/37 [orc wizard/magic dart (10)]
   905 | D:5      | Entered Level 5 of the Dungeon
  1036 | D:5      | Reached skill level 2 in Invocations
  1036 | D:5      | Reached XP level 6. HP: 27/44 MP: 6/13
  1064 | D:5      | Reached skill level 5 in Dodging
  1091 | D:5      | Reached skill level 2 in Fighting
  1091 | D:5      | Reached skill level 2 in Short Blades
  1091 | D:5      | Reached skill level 2 in Long Blades
  1091 | D:5      | Reached skill level 2 in Axes
  1091 | D:5      | Reached skill level 2 in Maces & Flails
  1091 | D:5      | Reached skill level 2 in Polearms
  1091 | D:5      | Reached skill level 2 in Staves
  1091 | D:5      | Reached skill level 2 in Slings
  1091 | D:5      | Reached skill level 2 in Bows
  1091 | D:5      | Reached skill level 2 in Crossbows
  1091 | D:5      | Reached skill level 2 in Throwing
  1091 | D:5      | Reached skill level 2 in Armour
  1091 | D:5      | Reached skill level 2 in Shields
  1091 | D:5      | Reached skill level 2 in Unarmed Combat
  1091 | D:5      | Reached skill level 2 in Evocations
  1194 | D:6      | Reached XP level 7. HP: 47/50 MP: 12/15
  1263 | D:6      | Noticed tidbits's ghost (novice GnEn)
  1285 | D:6      | Reached skill level 2 in Conjurations
  1285 | D:6      | Reached skill level 2 in Hexes
  1285 | D:6      | Reached skill level 2 in Charms
  1285 | D:6      | Reached skill level 2 in Necromancy
  1285 | D:6      | Reached skill level 2 in Translocations
  1285 | D:6      | Reached skill level 2 in Transmutations
  1285 | D:6      | Reached skill level 2 in Fire Magic
  1285 | D:6      | Reached skill level 2 in Ice Magic
  1285 | D:6      | Reached skill level 2 in Air Magic
  1285 | D:6      | Reached skill level 2 in Earth Magic
  1285 | D:6      | Reached skill level 2 in Poison Magic
  1619 | D:6      | Found Tisotso's Antique Armour Emporium.
  1658 | D:6      | Bought a brightly glowing robe for 148 gold pieces
  1668 | D:6      | Identified the cursed +0 robe of Satisfaction {Str+2 Dex+2} (You bought it in a shop on level 6 of the Dungeon)
  1730 | D:5      | Reached skill level 5 in Stealth
  1768 | D:4      | Found a white marble altar of Elyvilon.
  1768 | D:4      | Found a glowing golden altar of the Shining One.
  1774 | D:4      | Noticed Natasha
  1783 | D:4      | Reached skill level 3 in Invocations
  1794 | D:4      | Killed Natasha
  1812 | D:4      | Killed tognito's ghost
  1812 | D:4      | Reached XP level 8. HP: 40/57 MP: 8/16
  1820 | D:4      | Found a staircase to the Ecumenical Temple.
  1849 | Temple   | Entered the Ecumenical Temple
  1885 | Temple   | Quit the game

Skill      XL: |  1  2  3  4  5  6  7 |
---------------+----------------------+-----
Spellcasting   | 5 |  5.8
Invocations    | 1 2 3 |  3.2
Fighting       | 1 2 |  2.9
Short Blades   | 1 2 |  2.9
Long Blades    | 1 2 |  2.9
Axes           | 1 2 |  2.9
Maces & Flails | 1 2 |  2.9
Polearms       | 1 2 |  2.9
Staves         | 1 2 |  2.9
Slings         | 1 2 |  2.9
Bows           | 1 2 |  2.9
Crossbows      | 1 2 |  2.9
Throwing       | 1 2 |  2.9
Armour         | 1 2 |  2.9
Shields        | 1 2 |  2.9
Unarmed Combat | 1 2 |  2.9
Evocations     | 1 2 |  2.9
Conjurations   | 1 2 |  2.3
Hexes          | 1 2 |  2.3
Charms         | 1 2 |  2.3
Necromancy     | 1 2 |  2.3
Translocations | 1 2 |  2.3
Transmutations | 1 2 |  2.3
Fire Magic     | 1 2 |  2.3
Ice Magic      | 1 2 |  2.3
Air Magic      | 1 2 |  2.3
Earth Magic    | 1 2 |  2.3
Poison Magic   | 1 2 |  2.3
Dodging        | 5 |  5.4
Stealth        | 5 |  5.1
Summonings     | |  7.5

Action                   |  1- 3 |  4- 6 |  7- 9 || total
-------------------------+-------+-------+-------++-------
Melee: Dagger            |    38 |    37 |    60 ||   135
       Unarmed           |     6 |       |       ||     6
       Bite              |     2 |     3 |     1 ||     6
       Halberd           |       |       |     4 ||     4
Throw: Tomahawk          |    16 |    18 |    11 ||    45
 Cast: Summon Small Mamm |    11 |       |       ||    11
       Call Imp          |     5 |       |       ||     5
       Call Canine Famil |     2 |     1 |     3 ||     6
       Summon Lightning  |       |    10 |     8 ||    18
  Use: Scroll            |     4 |     3 |     3 ||    10
       Potion            |       |     3 |     1 ||     4
 Stab: Sleeping          |     4 |     5 |     1 ||    10
       Distracted        |       |       |     1 ||     1
  Eat: Chunk             |       |     2 |     2 ||     4
       Ration            |       |       |     1 ||     1
Armor: Robe              |    22 |     1 |     6 ||    29
Dodge: Dodged            |    34 |    21 |    23 ||    78
Block: Other             |     1 |     1 |     4 ||     6

Table legend:
 A = Turns spent in this place as a percentage of turns spent in the entire game.
 B = Non-inter-level travel turns spent in this place as a percentage of non-inter-level travel turns spent in the entire game.
 C = Inter-level travel turns spent in this place as a percentage of turns spent in this place.
 D = Turns resting spent in this place as a percentage of non-inter-level travel turns spent in this place.
 E = Turns spent auto-exploring this place as a percentage of non-inter-level travel turns spent in this place.
 F = Non-inter-level travel turns spent in this place divided by the number of levels of this place that you've seen.
                   A       B       C       D       E      F
               +-------+-------+-------+-------+-------+----------------------
         Total | 100.0 | 100.0 |   0.0 |   0.0 |   0.0 | 235.6
       Dungeon |  98.1 |  98.1 |   0.0 |   0.0 |   0.0 | 264.1
        Temple |   1.9 |   1.9 |   0.0 |   0.0 |   0.0 |  36.0
               +-------+-------+-------+-------+-------+----------------------

Table legend:
 A = Kills in this place as a percentage of kills in entire the game.
 B = Kills by you in this place as a percentage of kills by you in the entire game.
 C = Kills by friends in this place as a percentage of kills by friends in the entire game.
 D = Other kills in this place as a percentage of other kills in the entire game.
 E = Experience gained in this place as a percentage of experience gained in the entire game.
 F = Experience gained in this place divided by the number of levels of this place that you have seen.
                   A       B       C       D       E      F
               +-------+-------+-------+-------+-------+----------------------
         Total | 100.0 | 100.0 | 100.0 |   N/A | 100.0 | 164.8
       Dungeon | 100.0 | 100.0 | 100.0 |   N/A | 100.0 | 188.3
               +-------+-------+-------+-------+-------+----------------------

Vault maps used:
D:1:      minmay_arrival_pointy, grunt_decor_one_mirror
D:2:      dk_vineyard_1
D:3:      lemuel_round_altar, nicolae_overflow_crystal_walls
D:4:      chequers_temple_overflow_statue_of_worship,
          minmay_temple_entry_purple_smoke, first_ration,
          nemelex_spade_bored_becter, uniq_natasha
D:5:      overflow_temple_1_default
D:6:      serial_shops, nicolae_shop_window_shopping, kennysheep_doodads,
          minmay_gold_behind_fungi, due_unseen_surprise
D:7:      kennysheep_generic_room_10
Temple:   eino_temple_water
